 Dungeon Crawl Stone Soup version 0.31-a0-692-gf03d1854d5 (webtiles) character file.

Game seed: 13593620355695633224

33845 qw the Marksgargoyle (level 13, 0/86 HPs)
             Began as a Gargoyle Hunter on Sept 6, 2023.
             Was an Elder of Okawaru.
             Slain by a death yak (6 damage)
             ... on level 5 of the Lair of Beasts.
             The game lasted 00:07:47 (11419 turns).

qw the Marksgargoyle (Gargoyle Hunter)             Turns: 11419, Time: 00:07:48

Health: 0/86       AC: 23    Str: 16    XL:     13   Next: 73%
Magic:  20/20      EV: 22    Int: 12    God:    Okawaru [****..]
Gold:   860        SH:  0    Dex: 23    Spells: 12/12 levels left

rFire   + + .        q - +2 orcbow (drain)
rCold   . . .        (shield currently unavailable)
rNeg    + . .        f - +3 robe of Wu Jian's Respect {rPois Int+2 Slay-2 SInv Stlth+}
rPois   inf          j - +0 helmet
rElec   +            a - +0 cloak
rCorr   .            v - +2 pair of gloves
SInv    +            l - +0 pair of boots
Will    .....        s - amulet of regeneration
Stlth   +++++        c - +6 ring of dexterity
HPRegen 1.14/turn    r - ring of protection from fire
MPRegen 0.17/turn

%: no passive effects
@: heroic
A: sickness immunity, AC +9, negative energy resistance 1, electricity
resistance, torment resistance 1, petrification resistance, fire resistance 1
a: Renounce Religion, Heroism, Finesse


You were on level 5 of the Lair of Beasts.
You worshipped Okawaru.
Okawaru was greatly pleased with you.
You visited 3 branches of the dungeon, and saw 15 of its levels.

You collected 956 gold pieces.
You spent 96 gold pieces at shops.


Innate Abilities, Weirdness & Mutations

You are immune to sickness and miasma.
Your stone body is resilient. (AC +9)
You are immune to poison.
You resist negative energy. (rN+)
You are resistant to electric shocks. (rElec)
You are resistant to unholy torment.
You are immune to petrification.
Your flesh is heat resistant. (rF+)


   Skills:
 + Level 12.1(17.1) Fighting
 - Level 16.0(21.0) Ranged Weapons
 - Level 6.0(11.0) Armour
 - Level 7.0(12.0) Dodging
 - Level 1.1(6.1) Stealth
 - Level 10.1 Invocations


You had 12 spell levels left.
You didn't know any spells.
Your spell library was empty.

Inventory:

Hand Weapons
 i - a +2 orcbow of draining
 q - a +2 orcbow of draining (weapon)
Armour
 a - a +0 cloak (worn)
 f - the +3 robe of Wu Jian's Respect (worn) {rPois Int+2 Slay-2 SInv Stlth+}
   (You found it on level 1 of the Lair of Beasts)

   Int+2:     It affects your intelligence (+2).
   Slay-2:    It affects your accuracy & damage with ranged weapons and melee
   (-2).
   rPois:     It protects you from poison SInv: It lets you see invisible.
   Stlth+:    It makes you more stealthy.
 j - a +0 helmet (worn)
 l - a +0 pair of boots (worn)
 p - +0 steam dragon scales
 v - a +2 pair of gloves (worn)
Jewellery
 c - a +6 ring of dexterity (left hand)
 e - a ring of ice
 r - a ring of protection from fire (right hand)
 s - an amulet of regeneration (around neck)
 Y - a ring of positive energy
Scrolls
 n - 4 scrolls of identify
Potions
 d - a potion of enlightenment
 h - 3 potions of mutation
 k - 2 potions of haste
 m - 5 potions of might
 o - 2 potions of resistance
 t - a potion of curing

Dungeon Overview and Level Annotations

Branches:
Dungeon (9/15)             Temple (1/1) D:5            Lair (5/5) D:9
  Swamp (0/4) Lair:3       Spider (0/4) Lair:3        Slime (0/5) Lair:4
    Orc (0/2) D:9

Altars:
Ashenzari
Dithmenos
Elyvilon
Fedhas
Gozag
Hepliaklqana
Kikubaaqudgha
Makhleb
Nemelex Xobeh
Okawaru
Qazlal
Ru
Sif Muna
Trog
Uskayaw
Vehumet
Wu Jian
Xom
Yredelemnul
Zin
The Shining One
Jiyva

Shops:
D:2 (

Annotations:
D:7 1 runed translucent door, qw's ghost, novice MiHs


Message History

The yak misses you. The death yak misses you. The death yak gores you.
11409 ||| DRINKING potion of heal wounds.
You feel much better.
The death yak gores you but does no damage.
The death yak gores you!
You shoot an arrow. The arrow hits the death yak.
The death yak is almost dead.
The death yak gores you! The death yak barely misses you.
You shoot an arrow. The arrow hits the death yak!
You kill the death yak!
Okawaru accepts your kill. The death yak barely misses you. x2
You shoot an arrow. The arrow hits the death yak.
The death yak is heavily wounded.
You shoot an arrow. The arrow barely misses the death yak.
The death yak gores you but does no damage.
The death yak barely misses you.
You shoot an arrow. The arrow hits the death yak!!
The death yak is almost dead.
The death yak misses you. x2; The death yak gores you!
You shoot an arrow. The arrow hits the death yak!!
You kill the death yak!
Okawaru is honoured by your kill.
Your base Fighting skill increases to level 12!
You shoot an arrow. The arrow hits the death yak!!
You drain the death yak!
The death yak is severely wounded.
The death yak barely misses you.
You shoot an arrow. The arrow hits the yak!
The yak is moderately wounded.
The death yak misses you.
You shoot an arrow. The arrow barely misses the yak.
You hear a bleat!
A blink frog comes into view.
You shoot an arrow.
The blink frog gives a loud, deep croak!
The arrow hits the yak!!
The yak is severely wounded.
You hear a loud, deep croak!
The yak completely misses you. The death yak gores you.
You die...

....##.##.##......
....#.....P.......
....#.............
...#.#............
..[.###...........
...###............
PPP.##....#.......
............Y##### ...
..........YYY.##@##....
........Y....#lYYY.....F
....Y.....DY.#YYS.......
...........Y............
...Y...........#........
Y..............#..#...##
..YY...................#
..............#.......
..........#..........


You could see 3 death yaks, a komodo dragon, 2 yaks, a blink frog and a water
moccasin.

Vanquished Creatures
  Rupert (Lair:3)
  3 hydras
  A catoblepas (Lair:3)
  A two-headed ogre (D:9)
  6 death yaks
  Amaemon (D:8)
  An oklob plant (Lair:5)
  10 elephants
  An orange demon (D:8)
  A black mamba (Lair:1)
  8 cane toads
  3 rime drakes
  4 komodo dragons
  2 polar bears
  A queen bee (Lair:2)
  Grinder (D:4)
  7 dream sheep
  A wyvern (Lair:3)
  39 yaks
  3 basilisks
  A steam dragon (Lair:3)
  10 water moccasins
  Duvessa (D:5)
  A swamp drake (D:9)
  3 orc warriors (D:9)
  An ice beast (D:8)
  2 black bears (D:7)
  3 sky beasts (D:7)
  An ogre (D:4)
  20 wolves
  A phantom (D:5)
  3 centaurs
  13 bullfrogs
  3 scorpions
  A gnoll sergeant (D:9)
  Dowan (D:5)
  17 wights
  28 killer bees
  A howler monkey (D:5)
  7 hounds
  15 jellies
  4 orc priests
  Natasha (thrice) (D:2)
  5 iguanas
  12 orc wizards
  4 hell rats (D:9)
  5 adders
  10 gnolls
  3 river rats (D:9)
  A shadow imp (D:7)
  A white imp (D:3)
  2 ufetubi
  A worm (D:4)
  3 dart slugs
  44 orcs
  7 endoplasms
  2 giant cockroaches
  6 hobgoblins
  4 jackals (D:1)
  3 quokkas
  10 ball pythons
  4 bats
  A frilled lizard (D:3)
  3 goblins (D:4)
  A goblin skeleton (D:3)
  A goblin zombie (D:3)
  5 hobgoblin zombies
  10 kobolds
  A kobold skeleton (D:3)
  4 kobold zombies
  2 orc zombies (D:3)
  2 rats
392 creatures vanquished.

Notes
Turn   | Place    | Note
-------+----------+-------------------------------------------
     0 | D:1      | qw the Gargoyle Hunter began the quest for the Orb.
     0 | D:1      | Reached XP level 1. HP: 12/12 MP: 1/1
     0 | D:1      | 0 ||| qw: Version: 0.3-a-76-g4403597
     0 | D:1      | 0 ||| qw: Game counter: 299
     0 | D:1      | 0 ||| qw: Melee chars always use a shield: true
     0 | D:1      | 0 ||| qw: God list: Okawaru
     0 | D:1      | 0 ||| qw: Allow faded altars: false
     0 | D:1      | 0 ||| qw: Do Orc after clearing Dungeon:15 true
     0 | D:1      | 0 ||| qw: Do second Lair branch before Depths: true
     0 | D:1      | 0 ||| qw: Lair rune preference: random
     0 | D:1      | 0 ||| qw: Goals: Normal
     0 | D:1      | 0 ||| PLANNING D:1-11
   184 | D:1      | Reached XP level 2. HP: 17/17 MP: 2/2
   261 | D:1      | Reached XP level 3. HP: 21/21 MP: 3/3
   382 | D:1      | Reached skill level 5 in Ranged Weapons
   617 | D:1      | 617 ||| READING scroll labelled HEERYTH PASOI.
   618 | D:1      | 618 ||| DRINKING 2 fizzy blue potions.
   619 | D:1      | 619 ||| DROPPING scroll of butterflies.
   620 | D:1      | 620 ||| DROPPING potion of magic.
   805 | D:2      | Noticed Natasha
   812 | D:2      | Killed Natasha
   813 | D:2      | Reached skill level 3 in Fighting
   813 | D:2      | Reached XP level 4. HP: 22/28 MP: 4/4
   967 | D:2      | Noticed Natasha
   974 | D:2      | Killed Natasha
   999 | D:2      | Found Poomiok's Weapon Shoppe.
  1020 | D:2      | 1020 ||| BUYING +0 shortbow of freezing (96 gold).
  1020 | D:2      | Bought a +0 shortbow of freezing for 96 gold pieces
  1020 | D:2      | 1020 ||| SWAPPING to +0 shortbow of freezing.
  1021 | D:2      | 1021 ||| DROPPING +0 shortbow.
  1027 | D:2      | Noticed Natasha
  1034 | D:2      | Killed Natasha
  1035 | D:2      | Reached XP level 5. HP: 28/32 MP: 5/5
  1257 | D:2      | 1257 ||| UPGRADING to +0 helmet.
  1262 | D:2      | 1262 ||| DROPPING +6 ring of intelligence.
  1263 | D:2      | 1263 ||| READING scroll labelled CASAZX OWODGHU.
  1266 | D:2      | 1266 ||| READING scroll labelled PEARGH JANEDERIRPH.
  1287 | D:2      | 1287 ||| READING scroll labelled LUYNIQ USESKAHA.
  1288 | D:2      | 1288 ||| DRINKING 2 fizzy puce potions.
  1289 | D:2      | 1289 ||| DRINKING 2 sedimented inky potions.
  1289 | D:2      | Gained mutation: Your flesh is heat resistant. (rF+)
                  | [potion of mutation]
  1319 | D:3      | Reached skill level 6 in Ranged Weapons
  1377 | D:3      | Identified the +12 short sword "Dixtym" {holy, *Rage rPois
                  | Str+3}
  1453 | D:3      | Found a glowing golden altar of the Shining One.
  1474 | D:3      | Reached skill level 1 in Armour
  1631 | D:3      | Found a faded altar of an unknown god.
  1657 | D:3      | Found an ancient bone altar of Kikubaaqudgha.
  1661 | D:3      | Found a shimmering altar of Xom.
  1665 | D:3      | Found an ornate altar of the Wu Jian Council.
  1702 | D:3      | 1702 ||| FLEEEEING.
  1703 | D:3      | 1703 ||| FLEEEEING.
  1704 | D:3      | 1704 ||| FLEEEEING.
  1705 | D:3      | 1705 ||| FLEEEEING.
  1707 | D:3      | 1707 ||| FLEEEEING.
  1708 | D:3      | 1708 ||| FLEEEEING.
  1709 | D:3      | 1709 ||| FLEEEEING.
  1710 | D:3      | 1710 ||| FLEEEEING.
  1711 | D:3      | 1711 ||| FLEEEEING.
  1995 | D:3      | 1995 ||| READING scroll labelled FIZ KURAYRR.
  1996 | D:3      | 1996 ||| READING scroll labelled GUSHRO KATESH.
  1997 | D:3      | 1997 ||| READING scroll labelled QIMNELUERO.
  1998 | D:3      | 1998 ||| READING scroll labelled VYR LUQ XAR.
  1999 | D:3      | 1999 ||| DRINKING 2 bubbling clear potions.
  2003 | D:3      | 2003 ||| DROPPING potion of ambrosia.
  2026 | D:4      | Found a sparkling altar of Nemelex Xobeh.
  2084 | D:4      | Noticed an ogre
  2098 | D:4      | HP: 7/33 [ogre/+0 giant club (4)]
  2099 | D:4      | 2099 ||| READING scroll of teleportation.
  2100 | D:4      | 2100 ||| DRINKING 2 potions of heal wounds.
  2112 | D:4      | Reached XP level 6. HP: 38/38 MP: 6/6
  2115 | D:4      | Noticed Grinder
  2121 | D:4      | 2121 ||| FLEEEEING.
  2134 | D:4      | Killed Grinder
  2135 | D:4      | Reached skill level 7 in Ranged Weapons
  2194 | D:4      | Reached XP level 7. HP: 43/43 MP: 7/7
  2984 | D:4      | 2984 ||| UPGRADING to +0 cloak.
  2989 | D:4      | 2989 ||| READING scroll labelled JOLYCR KERERO.
  2990 | D:4      | 2990 ||| READING scroll labelled IWOLEN INTUOMIUS.
  2991 | D:4      | 2991 ||| READING 2 scrolls labelled INAGYUXTUISS.
  2992 | D:4      | 2992 ||| DROPPING scroll of fog.
  3022 | D:5      | Entered Level 5 of the Dungeon
  3066 | D:5      | Reached skill level 8 in Ranged Weapons
  3153 | D:5      | Found a radiant altar of Vehumet.
  3193 | D:5      | Found a staircase to the Ecumenical Temple.
  3194 | D:5      | 3194 ||| PLANNING TEMPLE
  3194 | D:5      | 3194 ||| DROPPING +1 hat of stealth.
  3203 | Temple   | Entered the Ecumenical Temple
  3204 | Temple   | 3204 ||| PLANNING OKAWARU WORSHIP
  3213 | Temple   | Became a worshipper of Warmaster Okawaru
  3214 | Temple   | 3214 ||| PLANNING D:1-11
  3340 | D:5      | Reached XP level 8. HP: 49/49 MP: 8/8
  3394 | D:5      | Found a stormy altar of Qazlal.
  3446 | D:5      | Noticed Duvessa
  3446 | D:5      | Noticed Dowan
  3459 | D:5      | Killed Duvessa
  3460 | D:5      | HP: 12/49 [Dowan/+0 dagger (1)]
  3461 | D:5      | 3461 ||| DRINKING 3 potions of heal wounds.
  3470 | D:5      | Killed Dowan
  3470 | D:5      | Reached * piety under Okawaru
  3671 | D:5      | Reached skill level 9 in Ranged Weapons
  3671 | D:5      | Reached skill level 1 in Invocations
  3684 | D:5      | 3684 ||| INVOKING Heroism.
  3685 | D:5      | 3685 ||| INVOKING Heroism.
  4166 | D:5      | 4166 ||| UPGRADING to +0 ring mail.
  4176 | D:5      | 4176 ||| DROPPING +0 leather armour.
  4255 | D:6      | 4255 ||| INVOKING Heroism.
  4274 | D:6      | 4274 ||| FLEEEEING.
  4277 | D:6      | 4277 ||| FLEEEEING.
  4278 | D:6      | 4278 ||| FLEEEEING.
  4279 | D:6      | 4279 ||| FLEEEEING.
  4280 | D:6      | 4280 ||| FLEEEEING.
  4281 | D:6      | 4281 ||| FLEEEEING.
  4282 | D:6      | 4282 ||| FLEEEEING.
  4283 | D:6      | 4283 ||| FLEEEEING.
  4284 | D:6      | 4284 ||| STAIRDANCE
  4316 | D:5      | 4316 ||| READING scroll labelled LAPNIS ILAONG.
  4317 | D:5      | 4317 ||| READING 2 scrolls of identify.
  4317 | D:5      | 4317 ||| IDENTIFYING red potion
  4318 | D:5      | 4318 ||| DROPPING potion of berserk rage.
  4378 | D:6      | Reached skill level 3 in Invocations
  4393 | D:6      | Found an opulent altar of Gozag.
  4488 | D:6      | 4488 ||| Stepping ~*~*~tactically~*~*~ (outnumbered).
  4489 | D:6      | 4489 ||| SWAPPING to +0 orcbow.
  4490 | D:6      | 4490 ||| INVOKING Heroism.
  4491 | D:6      | 4491 ||| Stepping ~*~*~tactically~*~*~ (outnumbered).
  4497 | D:6      | Reached skill level 6 in Fighting
  4513 | D:6      | 4513 ||| DROPPING +0 shortbow of flaming.
  4538 | D:6      | 4538 ||| RETREATING.
  4556 | D:6      | 4556 ||| INVOKING Heroism.
  4564 | D:6      | HP: 12/51 [wight/+4 spear (6)]
  4565 | D:6      | 4565 ||| DRINKING 2 potions of heal wounds.
  4569 | D:6      | Reached XP level 9. HP: 36/55 MP: 9/12
  4908 | D:6      | 4908 ||| UPGRADING to +0 pair of gloves.
  4913 | D:6      | 4913 ||| UPGRADING to ring of protection from fire.
  4914 | D:6      | 4914 ||| UPGRADING to ring of ice.
  4915 | D:6      | 4915 ||| READING 2 scrolls of identify.
  4915 | D:6      | 4915 ||| IDENTIFYING smoky ruby potion
  4962 | D:7      | 4962 ||| INVOKING Heroism.
  4968 | D:7      | Reached skill level 3 in Armour
  5096 | D:7      | 5096 ||| SWAPPING to +1 orcbow of draining.
  5097 | D:7      | 5097 ||| DROPPING +0 orcbow.
  5132 | D:7      | Found a bloodstained altar of Trog.
  5133 | D:7      | 5133 ||| INVOKING Heroism.
  5143 | D:7      | Reached skill level 10 in Ranged Weapons
  5205 | D:7      | 5205 ||| RETREATING.
  5209 | D:7      | 5209 ||| Stepping ~*~*~tactically~*~*~ (retreating).
  5210 | D:7      | 5210 ||| Stepping ~*~*~tactically~*~*~ (retreating).
  5211 | D:7      | 5211 ||| Stepping ~*~*~tactically~*~*~ (retreating).
  5212 | D:7      | 5212 ||| Stepping ~*~*~tactically~*~*~ (retreating).
  5213 | D:7      | 5213 ||| Stepping ~*~*~tactically~*~*~ (retreating).
  5214 | D:7      | 5214 ||| Stepping ~*~*~tactically~*~*~ (retreating).
  5215 | D:7      | 5215 ||| Stepping ~*~*~tactically~*~*~ (retreating).
  5216 | D:7      | 5216 ||| Stepping ~*~*~tactically~*~*~ (retreating).
  5217 | D:7      | 5217 ||| Stepping ~*~*~tactically~*~*~ (retreating).
  5218 | D:7      | 5218 ||| Stepping ~*~*~tactically~*~*~ (retreating).
  5219 | D:7      | 5219 ||| Stepping ~*~*~tactically~*~*~ (retreating).
  5220 | D:7      | 5220 ||| Stepping ~*~*~tactically~*~*~ (retreating).
  5221 | D:7      | 5221 ||| Stepping ~*~*~tactically~*~*~ (retreating).
  5222 | D:7      | 5222 ||| Stepping ~*~*~tactically~*~*~ (retreating).
  5371 | D:7      | 5371 ||| INVOKING Heroism.
  5431 | D:7      | 5431 ||| Stepping ~*~*~tactically~*~*~ (retreating).
  5434 | D:7      | 5434 ||| Stepping ~*~*~tactically~*~*~ (retreating).
  5443 | D:7      | 5443 ||| INVOKING Heroism.
  5461 | D:7      | Reached skill level 11 in Ranged Weapons
  5719 | D:7      | Reached skill level 3 in Dodging
  5772 | D:7      | Noticed qw's ghost (novice MiHs)
  5775 | D:7      | Found a runed translucent door.
  5842 | D:7      | 5842 ||| UPGRADING to +0 pair of boots.
  5847 | D:7      | 5847 ||| UPGRADING to +2 pair of gloves.
  5857 | D:7      | 5857 ||| DROPPING +0 pair of gloves.
  5858 | D:7      | 5858 ||| UPGRADING to amulet of regeneration.
  5863 | D:7      | 5863 ||| READING scroll labelled ROCUXO OKHIET.
  5864 | D:7      | 5864 ||| DRINKING 3 fuming sapphire potions.
  5865 | D:7      | 5865 ||| READING 2 scrolls of identify.
  5865 | D:7      | 5865 ||| IDENTIFYING orange potion
  5866 | D:7      | 5866 ||| DROPPING potion of invisibility.
  5867 | D:7      | 5867 ||| DROPPING 2 potions of brilliance.
  5899 | D:8      | Reached ** piety under Okawaru
  5900 | D:8      | Reached XP level 10. HP: 62/63 MP: 13/13
  5955 | D:8      | Found a flagged portal.
  5990 | D:8      | 5990 ||| RETREATING.
  6005 | D:8      | 6005 ||| Stepping ~*~*~tactically~*~*~ (retreating).
  6007 | D:8      | 6007 ||| INVOKING Heroism.
  6159 | D:8      | Noticed Amaemon
  6160 | D:8      | 6160 ||| INVOKING Heroism.
  6166 | D:8      | Noticed an orange demon
  6169 | D:8      | 6169 ||| READING scroll of teleportation.
  6171 | D:8      | 6171 ||| Stepping ~*~*~tactically~*~*~ (retreating).
  6172 | D:8      | 6172 ||| Stepping ~*~*~tactically~*~*~ (retreating).
  6173 | D:8      | 6173 ||| Stepping ~*~*~tactically~*~*~ (outnumbered).
  6174 | D:8      | 6174 ||| RETREATING.
  6313 | D:8      | 6313 ||| INVOKING Heroism.
  6329 | D:8      | Killed an orange demon
  6330 | D:8      | Reached skill level 12 in Ranged Weapons
  6343 | D:8      | 6343 ||| RETREATING.
  6349 | D:8      | 6349 ||| Stepping ~*~*~tactically~*~*~ (outnumbered).
  6352 | D:8      | 6352 ||| Stepping ~*~*~tactically~*~*~ (retreating).
  6356 | D:8      | 6356 ||| Stepping ~*~*~tactically~*~*~ (retreating).
  6357 | D:8      | 6357 ||| INVOKING Heroism.
  6361 | D:8      | Killed Amaemon
  6453 | D:8      | Found a hazy altar of Hepliaklqana.
  6594 | D:8      | 6594 ||| DRINKING 2 metallic red potions.
  6634 | D:8      | 6634 ||| DROPPING potion of lignification.
  6671 | D:9      | Reached *** piety under Okawaru
  6684 | D:9      | 6684 ||| INVOKING Heroism.
  6745 | D:9      | Noticed a two-headed ogre
  6746 | D:9      | 6746 ||| INVOKING Heroism.
  6753 | D:9      | Killed a two-headed ogre
  6797 | D:9      | Reached skill level 13 in Ranged Weapons
  6824 | D:9      | 6824 ||| INVOKING Heroism.
  6843 | D:9      | Reached XP level 11. HP: 69/69 MP: 14/14
  6919 | D:9      | 6919 ||| INVOKING Heroism.
  6968 | D:9      | Found a staircase to the Orcish Mines.
  6979 | D:9      | Reached skill level 9 in Fighting
  6980 | D:9      | 6980 ||| INVOKING Heroism.
  7115 | D:9      | Noticed a death yak
  7115 | D:9      | Noticed a death yak
  7116 | D:9      | 7116 ||| RETREATING.
  7116 | D:9      | Noticed a death yak
  7117 | D:9      | 7117 ||| INVOKING Heroism.
  7138 | D:9      | Killed a death yak
  7143 | D:9      | HP: 16/71 [death yak (12)]
  7144 | D:9      | 7144 ||| DRINKING 2 potions of heal wounds.
  7146 | D:9      | Killed a death yak
  7158 | D:9      | 7158 ||| INVOKING Heroism.
  7162 | D:9      | Killed a death yak
  7336 | D:9      | Found a staircase to the Lair.
  7404 | D:9      | 7404 ||| PLANNING LAIR
  7404 | D:9      | 7404 ||| UPGRADING to +6 ring of dexterity.
  7406 | D:9      | 7406 ||| REMOVING ring of ice.
  7407 | D:9      | 7407 ||| UPGRADING to ring of positive energy.
  7408 | D:9      | 7408 ||| UPGRADING to ring of protection from fire.
  7443 | Lair:1   | Entered Level 1 of the Lair of Beasts
  7447 | Lair:1   | 7447 ||| INVOKING Heroism.
  7473 | Lair:1   | Identified the +8 quarterstaff "Heusef" {pain, rPois Str+2
                  | Int+7}
  7493 | Lair:1   | 7493 ||| INVOKING Heroism.
  7498 | Lair:1   | 7498 ||| Stepping ~*~*~tactically~*~*~ (retreating).
  7499 | Lair:1   | 7499 ||| Stepping ~*~*~tactically~*~*~ (retreating).
  7500 | Lair:1   | 7500 ||| Stepping ~*~*~tactically~*~*~ (retreating).
  7524 | Lair:1   | Reached **** piety under Okawaru
  7526 | Lair:1   | Reached skill level 14 in Ranged Weapons
  7529 | Lair:1   | Identified the +3 robe of Wu Jian's Respect {rPois Int+2
                  | Slay-2 SInv Stlth+}
  7600 | Lair:1   | Reached skill level 6 in Armour
  7643 | Lair:1   | 7643 ||| INVOKING Heroism.
  7867 | Lair:1   | 7867 ||| FLEEEEING.
  7884 | Lair:1   | 7884 ||| Stepping ~*~*~tactically~*~*~ (retreating).
  7902 | Lair:1   | Reached skill level 6 in Invocations
  7965 | Lair:1   | 7965 ||| UPGRADING to +3 robe of Wu Jian's Respect {rPois
                  | Int+2 Slay-2 SInv Stlth+}.
  7975 | Lair:1   | 7975 ||| READING 4 scrolls of identify.
  7975 | Lair:1   | 7975 ||| IDENTIFYING pink potion
  7976 | Lair:1   | 7976 ||| READING 3 scrolls of identify.
  7976 | Lair:1   | 7976 ||| IDENTIFYING fuming cyan potion
  8029 | Lair:2   | 8029 ||| RETREATING.
  8047 | Lair:2   | 8047 ||| Stepping ~*~*~tactically~*~*~ (retreating).
  8049 | Lair:2   | 8049 ||| INVOKING Heroism.
  8051 | Lair:2   | Reached XP level 12. HP: 33/77 MP: 13/16
  8151 | Lair:2   | 8151 ||| RETREATING.
  8154 | Lair:2   | 8154 ||| Stepping ~*~*~tactically~*~*~ (retreating).
  8155 | Lair:2   | 8155 ||| Stepping ~*~*~tactically~*~*~ (retreating).
  8157 | Lair:2   | 8157 ||| Stepping ~*~*~tactically~*~*~ (retreating).
  8158 | Lair:2   | 8158 ||| Stepping ~*~*~tactically~*~*~ (retreating).
  8159 | Lair:2   | 8159 ||| Stepping ~*~*~tactically~*~*~ (retreating).
  8160 | Lair:2   | 8160 ||| Stepping ~*~*~tactically~*~*~ (retreating).
  8161 | Lair:2   | 8161 ||| Stepping ~*~*~tactically~*~*~ (retreating).
  8202 | Lair:2   | Reached skill level 6 in Dodging
  8225 | Lair:2   | 8225 ||| RETREATING.
  8234 | Lair:2   | 8234 ||| Stepping ~*~*~tactically~*~*~ (retreating).
  8235 | Lair:2   | 8235 ||| Stepping ~*~*~tactically~*~*~ (retreating).
  8236 | Lair:2   | 8236 ||| Stepping ~*~*~tactically~*~*~ (retreating).
  8238 | Lair:2   | 8238 ||| Stepping ~*~*~tactically~*~*~ (retreating).
  8239 | Lair:2   | 8239 ||| Stepping ~*~*~tactically~*~*~ (retreating).
  8240 | Lair:2   | 8240 ||| Stepping ~*~*~tactically~*~*~ (retreating).
  8241 | Lair:2   | 8241 ||| Stepping ~*~*~tactically~*~*~ (retreating).
  8242 | Lair:2   | 8242 ||| Stepping ~*~*~tactically~*~*~ (retreating).
  8249 | Lair:2   | Reached ***** piety under Okawaru
  8255 | Lair:2   | 8255 ||| INVOKING Heroism.
  8266 | Lair:2   | 8266 ||| Stepping ~*~*~tactically~*~*~ (retreating).
  8267 | Lair:2   | 8267 ||| Stepping ~*~*~tactically~*~*~ (retreating).
  8268 | Lair:2   | 8268 ||| Stepping ~*~*~tactically~*~*~ (retreating).
  8269 | Lair:2   | 8269 ||| Stepping ~*~*~tactically~*~*~ (retreating).
  8270 | Lair:2   | 8270 ||| Stepping ~*~*~tactically~*~*~ (retreating).
  8271 | Lair:2   | 8271 ||| Stepping ~*~*~tactically~*~*~ (retreating).
  8272 | Lair:2   | 8272 ||| Stepping ~*~*~tactically~*~*~ (retreating).
  8273 | Lair:2   | 8273 ||| Stepping ~*~*~tactically~*~*~ (retreating).
  8274 | Lair:2   | 8274 ||| Stepping ~*~*~tactically~*~*~ (retreating).
  8275 | Lair:2   | 8275 ||| Stepping ~*~*~tactically~*~*~ (retreating).
  8327 | Lair:2   | 8327 ||| INVOKING Heroism.
  8643 | Lair:2   | 8643 ||| INVOKING Heroism.
  9247 | Lair:2   | 9247 ||| DROPPING ring of magical power.
  9248 | Lair:2   | 9248 ||| READING 3 scrolls of identify.
  9248 | Lair:2   | 9248 ||| IDENTIFYING fizzy ruby potion
  9249 | Lair:2   | 9249 ||| DROPPING potion of attraction.
  9353 | Lair:3   | Noticed Rupert
  9354 | Lair:3   | 9354 ||| INVOKING Heroism.
  9369 | Lair:3   | Found a hole to the Spider Nest.
  9407 | Lair:3   | 9407 ||| INVOKING Heroism.
  9409 | Lair:3   | 9409 ||| DRINKING potion of curing.
  9409 | Lair:3   | 9409 ||| (to cure confusion)
  9423 | Lair:3   | Killed Rupert
  9424 | Lair:3   | Reached skill level 9 in Invocations
  9527 | Lair:3   | Noticed a five-headed hydra
  9528 | Lair:3   | 9528 ||| RETREATING.
  9598 | Lair:3   | Noticed a seven-headed hydra
  9599 | Lair:3   | 9599 ||| INVOKING Heroism.
  9610 | Lair:3   | Killed a seven-headed hydra
  9625 | Lair:3   | Killed a five-headed hydra
  9652 | Lair:3   | Reached skill level 15 in Ranged Weapons
  9656 | Lair:3   | 9656 ||| Stepping ~*~*~tactically~*~*~ (retreating).
  9658 | Lair:3   | 9658 ||| Stepping ~*~*~tactically~*~*~ (retreating).
  9659 | Lair:3   | 9659 ||| Stepping ~*~*~tactically~*~*~ (retreating).
  9660 | Lair:3   | 9660 ||| Stepping ~*~*~tactically~*~*~ (retreating).
  9661 | Lair:3   | 9661 ||| Stepping ~*~*~tactically~*~*~ (retreating).
  9662 | Lair:3   | 9662 ||| Stepping ~*~*~tactically~*~*~ (retreating).
  9704 | Lair:3   | Found a staircase to the Swamp.
  9708 | Lair:3   | Reached XP level 13. HP: 82/82 MP: 20/20
  9762 | Lair:3   | 9762 ||| INVOKING Heroism.
  9763 | Lair:3   | 9763 ||| INVOKING Finesse.
 10130 | Lair:3   | 10130 ||| INVOKING Heroism.
 10258 | Lair:3   | 10258 ||| DROPPING +0 ring mail.
 10307 | Lair:4   | 10307 ||| INVOKING Heroism.
 10337 | Lair:4   | 10337 ||| INVOKING Heroism.
 10371 | Lair:4   | 10371 ||| RETREATING.
 10389 | Lair:4   | Reached skill level 16 in Ranged Weapons
 10427 | Lair:4   | Received a gift from Okawaru
 10464 | Lair:4   | Found a viscous altar of Jiyva.
 10465 | Lair:4   | Found a staircase to the Slime Pits.
 10555 | Lair:4   | 10555 ||| RETREATING.
 10562 | Lair:4   | 10562 ||| INVOKING Heroism.
 10564 | Lair:4   | 10564 ||| Stepping ~*~*~tactically~*~*~ (retreating).
 10678 | Lair:4   | 10678 ||| INVOKING Heroism.
 11064 | Lair:5   | Entered Level 5 of the Lair of Beasts
 11075 | Lair:5   | 11075 ||| RETREATING.
 11083 | Lair:5   | 11083 ||| INVOKING Heroism.
 11097 | Lair:5   | 11097 ||| RETREATING.
 11103 | Lair:5   | 11103 ||| Stepping ~*~*~tactically~*~*~ (retreating).
 11114 | Lair:5   | 11114 ||| INVOKING Heroism.
 11162 | Lair:5   | 11162 ||| RETREATING.
 11192 | Lair:5   | 11192 ||| INVOKING Heroism.
 11201 | Lair:5   | 11201 ||| FLEEEEING.
 11202 | Lair:5   | 11202 ||| FLEEEEING.
 11203 | Lair:5   | 11203 ||| FLEEEEING.
 11204 | Lair:5   | 11204 ||| FLEEEEING.
 11205 | Lair:5   | 11205 ||| FLEEEEING.
 11206 | Lair:5   | 11206 ||| FLEEEEING.
 11208 | Lair:5   | 11208 ||| FLEEEEING.
 11209 | Lair:5   | 11209 ||| FLEEEEING.
 11210 | Lair:5   | 11210 ||| FLEEEEING.
 11211 | Lair:5   | 11211 ||| FLEEEEING.
 11212 | Lair:5   | 11212 ||| FLEEEEING.
 11213 | Lair:5   | 11213 ||| FLEEEEING.
 11214 | Lair:5   | 11214 ||| FLEEEEING.
 11215 | Lair:5   | 11215 ||| FLEEEEING.
 11216 | Lair:5   | 11216 ||| FLEEEEING.
 11217 | Lair:5   | 11217 ||| FLEEEEING.
 11218 | Lair:5   | 11218 ||| FLEEEEING.
 11219 | Lair:5   | 11219 ||| FLEEEEING.
 11220 | Lair:5   | 11220 ||| FLEEEEING.
 11221 | Lair:5   | 11221 ||| FLEEEEING.
 11223 | Lair:5   | 11223 ||| FLEEEEING.
 11224 | Lair:5   | 11224 ||| STAIRDANCE
 11328 | Lair:5   | 11328 ||| STAIRDANCE
 11343 | Lair:5   | 11343 ||| Stepping ~*~*~tactically~*~*~ (retreating).
 11344 | Lair:5   | 11344 ||| INVOKING Heroism.
 11347 | Lair:5   | 11347 ||| Stepping ~*~*~tactically~*~*~ (retreating).
 11348 | Lair:5   | 11348 ||| Stepping ~*~*~tactically~*~*~ (retreating).
 11349 | Lair:5   | 11349 ||| Stepping ~*~*~tactically~*~*~ (retreating).
 11350 | Lair:5   | 11350 ||| Stepping ~*~*~tactically~*~*~ (retreating).
 11351 | Lair:5   | 11351 ||| Stepping ~*~*~tactically~*~*~ (retreating).
 11352 | Lair:5   | 11352 ||| Stepping ~*~*~tactically~*~*~ (retreating).
 11353 | Lair:5   | 11353 ||| Stepping ~*~*~tactically~*~*~ (retreating).
 11354 | Lair:5   | 11354 ||| Stepping ~*~*~tactically~*~*~ (retreating).
 11355 | Lair:5   | 11355 ||| Stepping ~*~*~tactically~*~*~ (retreating).
 11356 | Lair:5   | 11356 ||| Stepping ~*~*~tactically~*~*~ (retreating).
 11357 | Lair:5   | 11357 ||| Stepping ~*~*~tactically~*~*~ (retreating).
 11358 | Lair:5   | 11358 ||| Stepping ~*~*~tactically~*~*~ (retreating).
 11359 | Lair:5   | 11359 ||| Stepping ~*~*~tactically~*~*~ (retreating).
 11360 | Lair:5   | 11360 ||| Stepping ~*~*~tactically~*~*~ (retreating).
 11361 | Lair:5   | 11361 ||| Stepping ~*~*~tactically~*~*~ (retreating).
 11362 | Lair:5   | 11362 ||| Stepping ~*~*~tactically~*~*~ (retreating).
 11368 | Lair:5   | 11368 ||| INVOKING Heroism.
 11375 | Lair:5   | HP: 21/84 [elephant (8)]
 11376 | Lair:5   | 11376 ||| READING scroll of teleportation.
 11380 | Lair:5   | 11380 ||| RETREATING.
 11381 | Lair:5   | 11381 ||| Stepping ~*~*~tactically~*~*~ (retreating).
 11382 | Lair:5   | 11382 ||| Stepping ~*~*~tactically~*~*~ (retreating).
 11383 | Lair:5   | 11383 ||| Stepping ~*~*~tactically~*~*~ (retreating).
 11384 | Lair:5   | 11384 ||| Stepping ~*~*~tactically~*~*~ (retreating).
 11385 | Lair:5   | 11385 ||| Stepping ~*~*~tactically~*~*~ (retreating).
 11386 | Lair:5   | 11386 ||| Stepping ~*~*~tactically~*~*~ (retreating).
 11389 | Lair:5   | 11389 ||| Stepping ~*~*~tactically~*~*~ (retreating).
 11389 | Lair:5   | HP: 18/84 [death yak (17)]
 11390 | Lair:5   | 11390 ||| DRINKING 2 potions of heal wounds.
 11395 | Lair:5   | 11395 ||| Stepping ~*~*~tactically~*~*~ (retreating).
 11401 | Lair:5   | 11401 ||| Stepping ~*~*~tactically~*~*~ (retreating).
 11402 | Lair:5   | 11402 ||| Stepping ~*~*~tactically~*~*~ (retreating).
 11408 | Lair:5   | HP: 21/85 [death yak (4)]
 11409 | Lair:5   | 11409 ||| DRINKING potion of heal wounds.
 11414 | Lair:5   | HP: 2/85 [death yak (14)]
 11416 | Lair:5   | Reached skill level 12 in Fighting
 11419 | Lair:5   | Slain by a death yak

Levels and vault maps discovered:
D:1:      scummos_arrival_gate, layout_basic
D:2:      layout_loops_ring, serial_shops, nicolae_shop_tiny_waterfront,
          uniq_natasha
D:3:      layout_loops_ring, grunt_temple_overflow_diamond,
          nicolae_tso_besieged_by_evil, ebering_ecumenical_altar_mist,
          chequers_arboretum, kennysheep_potato
D:4:      layout_basic, nemelex_xobeh_ov_fountains_minmay, minmay_mini_ossuary,
          uniq_grinder
D:5:      layout_loops_corners, mainiacjoe_overflow_small_starburst,
          mainiacjoe_overflow_paths, minmay_temple_entry_sparse_star,
          hangedman_decor_riveting, uniq_duvessa
D:6:      layout_rooms, grunt_gozag_statues, grunt_decor_arrowhead
D:7:      kennysheep_six_static_rooms, layout_rooms, trog_ov_bears_minmay,
          hellmonk_ghost_happy_afterlife
D:8:      layout_cave_pools, mainiacjoe_overflow_six_doors_small,
          enter_bailey_2, uniq_amaemon
D:9:      layout_gridville, dpeg_lair_monsters, erik_orc_1, kennysheep_boxes
Temple:   chequers_temple_sunken
Lair:1:   layout_roguey
Lair:2:   layout_cellular_growth, special_room [special_room_bee],
          dreamdust_mushroom_princess, chequers_serial_rivers_large_b,
          serial_bayou_shore_b, serial_bayou_shore_b
Lair:3:   layout_chaotic_city, minmay_swamp_entry_reptiles, dummy_spider_entry,
          uniq_rupert
Lair:4:   layout_loops_ring, minmay_slime_entry_jelly_boxes, lemuel_fruit_tree,
          grunt_megastairs_3
Lair:5:   guppyfry_lair_end_dragon, layout_gridlike, st_stairs_10

Skill      XL: |  1  2  3  4  5  6  7  8  9 10 11 12 13 |
---------------+----------------------------------------+-----
Ranged Weapons | 5 6 7 8 9 11 13 14 15 16 | 16.0
Fighting       | 3 4 5 6 7 8 9 10 12 | 12.1
Armour         | 1 2 4 5 6 |  6.0
Dodging        | 2 3 5 6 7 |  7.0
Invocations    | 4 6 10 | 10.1
Stealth        | |  1.1

Action                     |  1- 3 |  4- 6 |  7- 9 | 10-12 | 13-15 || total
---------------------------+-------+-------+-------+-------+-------++-------
  Melee: Unarmed           |       |       |       |     1 |       ||     1
   Fire: Shortbow          |    67 |   166 |   225 |       |       ||   458
         Orcbow            |       |       |   215 |   787 |   275 ||  1277
 Invoke: Heroism           |       |       |     8 |    21 |    11 ||    40
         Finesse           |       |       |       |       |     1 ||     1
    Use: Scroll            |     1 |     8 |     8 |     4 |     1 ||    22
         Potion            |     1 |     4 |     3 |     3 |     2 ||    13
 Armour: Leather armour    |    10 |    59 |    54 |       |       ||   123
         Ring mail         |       |       |   186 |   166 |       ||   352
         Skin              |       |       |       |     1 |       ||     1
         Robe              |       |       |       |   146 |    88 ||   234
  Dodge: Dodged            |    10 |    60 |   169 |   439 |   120 ||   798

Table legend:
 A = Non-vault XP
 B = Vault XP
 C = Vault XP percentage of total XP
 D = Non-vault monster count
 E = Vault monster count
 F = Vault count percentage of total count
                 A         B        C        D         E       F
            +---------+---------+-------+---------+---------+-------
      Total |   37147 |   11203 |  23.2 |     292 |     100 |  25.5
            +---------+---------+-------+---------+---------+-------
        D:1 |      52 |       0 |   0.0 |      22 |       0 |   0.0
        D:2 |     112 |      36 |  24.3 |      12 |       1 |   7.7
        D:3 |      28 |      35 |  55.6 |      14 |      12 |  46.2
        D:4 |     390 |     271 |  41.0 |      23 |       5 |  17.9
        D:5 |     637 |     215 |  25.2 |      19 |       2 |   9.5
        D:6 |     698 |       0 |   0.0 |      21 |       0 |   0.0
        D:7 |    1412 |     576 |  29.0 |      27 |       8 |  22.9
        D:8 |    1709 |    1209 |  41.4 |      18 |       2 |  10.0
        D:9 |    1849 |    3202 |  63.4 |      20 |      28 |  58.3
     Lair:1 |    5416 |       0 |   0.0 |      25 |       0 |   0.0
     Lair:2 |    5501 |    1489 |  21.3 |      24 |      20 |  45.5
     Lair:3 |    7323 |    2965 |  28.8 |      27 |       5 |  15.6
     Lair:4 |    3526 |    1205 |  25.5 |      21 |      17 |  44.7
     Lair:5 |    8494 |       0 |   0.0 |      19 |       0 |   0.0
            +---------+---------+-------+---------+---------+-------
